 Dungeon Crawl Stone Soup version 0.22-a0-278-g8f80174 (webtiles) character file.

79 tidbits the Insei (level 4, 16/34 HPs)
             Began as a Gnoll Transmuter on Mar 15, 2018.
             Quit the game on level 4 of the Dungeon.
             The game lasted 00:04:48 (480 turns).

tidbits the Insei (Gnoll Transmuter)                 Turns: 480, Time: 00:04:49

Health: 16/34      AC:  2    Str: 13    XL:     4   Next: 37%
Magic:  3/11       EV: 18    Int: 16    God:
Gold:   56         SH:  0    Dex: 15    Spells: 7/13 levels left

rFire    . . .     SeeInvis .     - Unarmed
rCold    . . .     Gourm    .   (no shield)
rNeg     . . .     Faith    .   b - +0 robe
rPois    .         Spirit   .   (no helmet)
rElec    .         Reflect  .   (no cloak)
rCorr    .         Harm     .   (no gloves)
MR       .....                  (no boots)
Stlth    ++........             (no amulet)
HPRegen  0.11/turn              V - +3 ring of evasion
MPRegen  0.12/turn              (no ring)

@: seriously poisoned (16 -> 2)
A: distributed training, fangs 1, strong nose
a: no special abilities


You were on level 4 of the Dungeon.
You were not hungry.

You visited 1 branch of the dungeon, and saw 4 of its levels.

You collected 56 gold pieces.

Inventory:

Hand Weapons
 j - a +0 great sword
Missiles
 a - 42 arrows
 g - 20 sling bullets
 h - 3 stones (quivered)
Armour
 b - a +0 robe (worn)
 c - a +0 ring mail
Jewellery
 V - a +3 ring of evasion (left hand)
   (You found it on level 2 of the Dungeon)
Scrolls
 e - a scroll of identify {unknown}
 f - a scroll of fog {unknown}
 i - a scroll of remove curse {unknown}
Comestibles
 d - 3 rations


   Skills:
 + Level 2.7 Fighting
 + Level 1.1 Short Blades
 + Level 1.1 Long Blades
 + Level 1.1 Axes
 + Level 1.1 Maces & Flails
 + Level 1.1 Polearms
 + Level 1.1 Staves
 + Level 1.1 Slings
 + Level 1.1 Bows
 + Level 1.1 Crossbows
 + Level 1.1 Throwing
 + Level 1.1 Armour
 + Level 4.6 Dodging
 + Level 1.1 Stealth
 + Level 1.1 Shields
 + Level 6.6 Unarmed Combat
 + Level 5.0 Spellcasting
 + Level 0.8 Conjurations
 + Level 0.8 Hexes
 + Level 0.8 Charms
 + Level 0.8 Summonings
 + Level 0.8 Necromancy
 + Level 0.8 Translocations
 + Level 3.8 Transmutations
 + Level 0.8 Fire Magic
 + Level 0.8 Ice Magic
 + Level 0.8 Air Magic
 + Level 0.8 Earth Magic
 + Level 0.8 Poison Magic
 + Level 1.2 Invocations
 + Level 1.1 Evocations


You had 7 spell levels left.
You knew the following spells:

 Your Spells              Type           Power        Failure   Level  Hunger
e - Beastly Appendage     Tmut           ###...       3%          1    None
k - Sticks to Snakes      Tmut           ###.....     4%          2    #......
p - Spider Form           Tmut/Pois      ##........   17%         3    ###....


Dungeon Overview and Level Annotations

Branches:
Dungeon (4/15)
 Temple: D:4-7

Altars:

Annotations:
D:4 Eustachio


Innate Abilities, Weirdness & Mutations

Your experience applies equally to all skills.
You have very sharp teeth.
Your uncanny sense of smell can sniff out nearby items.


Message History

You open the door.
An adder skeleton comes into view.
Found a great sword.
There is an open door here.
Your transformation is almost over.
The adder skeleton barely misses you.
Casting: Spider Form (slightly dangerous; 36% risk of failure)
Confirm with . or Enter, or press ? or * to list all spells.
You create a snake!
You now have 42 arrows.
The adder skeleton closely misses you.
You hit the adder skeleton.
The adder skeleton is moderately damaged.
The adder skeleton closely misses you.
Your ball python bites the adder skeleton.
Your ball python grabs the adder skeleton.
Your ball python constricts the adder skeleton.
You hit the adder skeleton.
The adder skeleton is heavily damaged.
Your ball python bites the adder skeleton.
Your ball python constricts the adder skeleton.
The adder skeleton completely misses you.
You bite the adder skeleton!
You destroy the adder skeleton!
You swap places.
You see here a great sword.
j - a great sword Your transformation has ended.
Your +0 robe unmelds from your body.
A worm comes into view.
You open the door.
There is an open door here.
As you open the door, it creaks loudly!
You hear an angry hiss.
You hear a shout! x7
Found a ring mail.
You open the door.
A leopard gecko and a phantom come into view.
The leopard gecko hisses angrily.
Your ball python withers and dies!
Found 3 gold pieces.
Casting: Sticks to Snakes (safe; 4% risk of failure)
Confirm with . or Enter, or press ? or * to list all spells.
You turn into a venomous arachnid creature.
Your +0 robe melds into your body.
The leopard gecko closely misses you.
You open the door.
A ball python, a hound, a worm and a phantom come into view.
Found a ration.
A leopard gecko and Eustachio come into view.
Eustachio is wielding a rapier of venom.
Eustachio shouts!
The leopard gecko hisses angrily.
The phantom completely misses you.
The leopard gecko hisses menacingly.
You bite the phantom!
The phantom is moderately damaged.
The phantom closely misses you.
You hit the phantom.
The phantom is moderately damaged.
The phantom blinks!
You barely miss the leopard gecko.
The leopard gecko completely misses you.
A goblin comes into view. It is wielding a club.
You bite the leopard gecko!
You kill the leopard gecko!
You closely miss the leopard gecko.
Your transformation is almost over.
The leopard gecko completely misses you.
You hit the leopard gecko.
The leopard gecko is poisoned.
The leopard gecko is severely wounded.
The leopard gecko misses you.
You bite the leopard gecko!
You kill the leopard gecko!
You barely miss Eustachio.
Eustachio hits you with a rapier of venom.
You are poisoned.
A goblin comes into view.
Press: ? - help, v - describe, . - travel, g - get item
Here: Eustachio, wielding a rapier of venom and wearing a leather armour A leopard gecko corpse.
The floor, spattered with blood.
You aren't carrying any potions.
Unknown command.
You feel sick.
The phantom blinks!
A hobgoblin comes into view.
You feel sick.
You feel sick.
Eustachio gestures wildly while chanting.
You feel sick.
The goblin shouts!
You hear a shout!
The crimson imp blinks!
You feel sick.
* * * LOW HITPOINT WARNING * * *
You feel sick.
Your transformation has ended.
Your +0 robe unmelds from your body.
* * * LOW HITPOINT WARNING * * *
You feel sick.
Are you sure you want to abandon this character and quit the game? (Confirm with "yes".)
Okay, then.
You aren't carrying any potions.
Unknown command.
Are you sure you want to abandon this character and quit the game? (Confirm with "yes".)

###### .....# .....#
#### .....######### ..#
.....'.......+ ..+
.....###.##### ..##+##
.....###..#######.....#
##....w...............#
#.####.....####@.....#
..#$.##...##.[#5.....#
w..#...##.##...#g.....#
...##...#.#...##@.....#
... #.'#.#'.##...##+##
....###...###....#
........8w†.w...g#
....###...###....# ..
#.'#.#+ ##...#


You could see Eustachio, a crimson imp and 2 goblins.

Vanquished Creatures
  A worker ant (D:4)
  2 adders (D:2)
  An ooze (D:3)
  An adder skeleton (D:4)
  2 leopard geckos (D:4)
  An orc (D:3)
  2 bats
  A giant cockroach (D:2)
  A goblin (D:2)
  3 hobgoblins (D:2)
  4 jackals
  4 frilled lizards
  3 kobolds
  A rat (D:1)
27 creatures vanquished.

Vanquished Creatures (collateral kills)
  A worm (D:2)
  A frilled lizard (D:3)
2 creatures vanquished.

Grand Total: 29 creatures vanquished

Notes
Turn   | Place    | Note
-------+----------+-------------------------------------------
     0 | D:1      | tidbits the Gnoll Transmuter began the quest for the Orb.
     0 | D:1      | Reached XP level 1. HP: 17/17 MP: 6/6
    79 | D:1      | Reached XP level 2. HP: 23/23 MP: 5/7
    86 | D:1      | Learned a level 2 spell: Sticks to Snakes
   290 | D:2      | Reached skill level 5 in Spellcasting
   290 | D:2      | Reached XP level 3. HP: 23/28 MP: 4/9
   295 | D:2      | Learned a level 3 spell: Spider Form
   362 | D:2      | Reached skill level 1 in Invocations
   420 | D:4      | Reached skill level 1 in Short Blades
   420 | D:4      | Reached skill level 1 in Long Blades
   420 | D:4      | Reached skill level 1 in Axes
   420 | D:4      | Reached skill level 1 in Maces & Flails
   420 | D:4      | Reached skill level 1 in Polearms
   420 | D:4      | Reached skill level 1 in Staves
   420 | D:4      | Reached skill level 1 in Slings
   420 | D:4      | Reached skill level 1 in Bows
   420 | D:4      | Reached skill level 1 in Crossbows
   420 | D:4      | Reached skill level 1 in Throwing
   420 | D:4      | Reached skill level 1 in Armour
   420 | D:4      | Reached skill level 1 in Stealth
   420 | D:4      | Reached skill level 1 in Shields
   420 | D:4      | Reached skill level 1 in Evocations
   420 | D:4      | Reached XP level 4. HP: 33/34 MP: 2/11
   455 | D:4      | Noticed a phantom
   459 | D:4      | Noticed a phantom
   460 | D:4      | Noticed Eustachio
   480 | D:4      | Quit the game

Vault maps used:
D:1:      minmay_arrival_stone_box, nemelex_xobeh_ov_fountains_minmay
D:2:      minmay_diamond_boxcup, uniq_crazy_yiuf_cottage
D:3:      first_ration
D:4:      cheibrodos_barr_body, minmay_temple_entry_crystal_x, uniq_eustachio,
          uniq_robin, uniq_blork_the_orc

Skill      XL: |  1  2  3 |
---------------+----------+-----
Spellcasting   | 5 |  5.0
Invocations    | 1 |  1.2
Short Blades   | 1 |  1.1
Long Blades    | 1 |  1.1
Axes           | 1 |  1.1
Maces & Flails | 1 |  1.1
Polearms       | 1 |  1.1
Staves         | 1 |  1.1
Slings         | 1 |  1.1
Bows           | 1 |  1.1
Crossbows      | 1 |  1.1
Throwing       | 1 |  1.1
Armour         | 1 |  1.1
Stealth        | 1 |  1.1
Shields        | 1 |  1.1
Evocations     | 1 |  1.1
Fighting       | |  2.7
Dodging        | |  4.6
Unarmed Combat | |  6.6
Conjurations   | |  0.8
Hexes          | |  0.8
Charms         | |  0.8
Summonings     | |  0.8
Necromancy     | |  0.8
Translocations | |  0.8
Transmutations | |  3.8
Fire Magic     | |  0.8
Ice Magic      | |  0.8
Air Magic      | |  0.8
Earth Magic    | |  0.8
Poison Magic   | |  0.8

Action                   |  1- 3 |  4- 6 || total
-------------------------+-------+-------++-------
Melee: Unarmed           |    47 |    11 ||    58
       Kick              |     6 |       ||     6
       Bite              |     3 |       ||     3
       Headbutt          |     1 |       ||     1
 Cast: Beastly Appendage |     6 |       ||     6
       Sticks to Snakes  |     3 |     1 ||     4
       Spider Form       |     5 |     1 ||     6
 Stab: Sleeping          |     1 |       ||     1
Armor: Robe              |     4 |       ||     4
       Skin              |     2 |       ||     2
Dodge: Dodged            |    26 |    10 ||    36

Table legend:
 A = Spawn XP
 B = Non-spawn XP
 C = Spawn XP percentage of total XP
 D = Spawn monster count
 E = Non-spawn monster count
 F = Spawn count percentage of total count
 G = Total turns spent on level
                    A         B        C        D         E        F      G
               +---------+---------+-------+---------+---------+-------+---------
         Total |       0 |     113 |   0.0 |       0 |      29 |   0.0 |   480
               +---------+---------+-------+---------+---------+-------+---------
           D:1 |       0 |      13 |   0.0 |       0 |       9 |   0.0 |   233
           D:2 |       0 |      43 |   0.0 |       0 |      11 |   0.0 |   138
           D:3 |       0 |      14 |   0.0 |       0 |       5 |   0.0 |    44
           D:4 |       0 |      43 |   0.0 |       0 |       4 |   0.0 |    65
               +---------+---------+-------+---------+---------+-------+---------

Table legend:
 A = Turns spent in this place as a percentage of turns spent in the entire game.
 B = Non-inter-level travel turns spent in this place as a percentage of non-inter-level travel turns spent in the entire game.
 C = Inter-level travel turns spent in this place as a percentage of turns spent in this place.
 D = Turns resting spent in this place as a percentage of non-inter-level travel turns spent in this place.
 E = Turns spent auto-exploring this place as a percentage of non-inter-level travel turns spent in this place.
 F = Non-inter-level travel turns spent in this place divided by the number of levels of this place that you've seen.
                   A       B       C       D       E      F
               +-------+-------+-------+-------+-------+----------------------
         Total | 100.0 | 100.0 |   0.0 |   0.0 |   0.0 | 120.0
       Dungeon | 100.0 | 100.0 |   0.0 |   0.0 |   0.0 | 120.0
               +-------+-------+-------+-------+-------+----------------------

Table legend:
 A = Kills in this place as a percentage of kills in entire the game.
 B = Kills by you in this place as a percentage of kills by you in the entire game.
 C = Kills by friends in this place as a percentage of kills by friends in the entire game.
 D = Other kills in this place as a percentage of other kills in the entire game.
 E = Experience gained in this place as a percentage of experience gained in the entire game.
 F = Experience gained in this place divided by the number of levels of this place that you have seen.
                   A       B       C       D       E      F
               +-------+-------+-------+-------+-------+----------------------
         Total | 100.0 | 100.0 | 100.0 |   N/A | 100.0 |  28.2
       Dungeon | 100.0 | 100.0 | 100.0 |   N/A | 100.0 |  28.2
               +-------+-------+-------+-------+-------+----------------------

Vault maps used:
D:1:      minmay_arrival_stone_box, nemelex_xobeh_ov_fountains_minmay
D:2:      minmay_diamond_boxcup, uniq_crazy_yiuf_cottage
D:3:      first_ration
D:4:      cheibrodos_barr_body, minmay_temple_entry_crystal_x, uniq_eustachio,
          uniq_robin, uniq_blork_the_orc
